 Dungeon Crawl Stone Soup version 0.31-a0-4-gefa6de2 (webtiles) character file.

Game seed: 2798292185423905584

5333 Nithhogg the Fighter (level 10, -3/101 HPs)
             Began as a Hill Orc Fighter on May 4, 2023.
             Was an Elder of the Shining One.
             Slain by a boulder beetle (17 damage)
             ... on level 8 of the Dungeon.
             The game lasted 00:20:22 (9167 turns).

Nithhogg the Fighter (Hill Orc Fighter)             Turns: 9167, Time: 00:20:23

Health: -3/101     AC: 11    Str: 24    XL:     10   Next: 64%
Magic:  17/17      EV: 10    Int:  8    God:    the Shining One [****..]
Gold:   354        SH:  0    Dex: 10    Spells: 9/9 levels left

rFire   . . .        k - +6 dire flail (heavy)
rCold   . . .        (shield currently unavailable)
rNeg    + + .        t - +2 scale mail of the Jolly Defenders {Drain +Blink Fly rElec}
rPois   .            j - +0 helmet
rElec   +            (no cloak)
rCorr   .            (no gloves)
SInv    .            (no boots)
Will    .....        (no amulet) Stlth
                     (no ring)
HPRegen 0.36/turn    (no ring)
MPRegen 0.15/turn

%: no passive effects
@: about to teleport, flying, glowing, studying Fighting
A: no striking features
a: Renounce Religion, Evoke Blink, Divine Shield, Cleansing Flame


You were on level 8 of the Dungeon.
You worshipped the Shining One.
The Shining One was greatly pleased with you.
You visited 2 branches of the dungeon, and saw 9 of its levels.
You also visited: Ossuary.

You collected 354 gold pieces.

Inventory:

Hand Weapons
 a - a +0 war axe of flaming
 d - a +3 flail of protection
 k - a +6 heavy dire flail (weapon)
 s - a +0 scimitar of flaming
 w - the +7 whip "Usuv Ung" {heavy, rC+}
   (You found it on level 6 of the Dungeon)

   rC:        It protects you from cold.
Missiles
 n - a silver boomerang (quivered)
 q - 24 poisoned darts
Armour
 b - a +0 scale mail
 c - a +0 buckler
 j - a +0 helmet (worn)
 t - the +2 scale mail of the Jolly Defenders (worn) {Drain +Blink Fly rElec}
   (You found it on level 5 of the Dungeon)

   rElec:     It insulates you from electricity.
   Fly:       It grants you flight.
   +Blink:    It lets you blink.
   Drain:     It drains your maximum health when unequipped.
 u - +1 steam dragon scales
Jewellery
 y - an amulet of the acrobat
Wands
 g - a wand of polymorph (20)
 i - a wand of flame (18)
 z - a wand of digging (1)
Scrolls
 e - 2 scrolls of identify
 f - a scroll of teleportation
 h - a scroll of magic mapping
 l - 3 scrolls of amnesia
 B - a scroll of fog
 F - a scroll of noise
Potions
 m - 2 potions of ambrosia {unknown}
 o - 7 potions of curing
 p - 3 potions of lignification {unknown}
 r - a potion of resistance
 v - 4 potions of cancellation
 x - 2 potions of heal wounds {unknown}
 A - 2 potions of flight
 D - a potion of brilliance {unknown}
 E - a potion of mutation {unknown}
 H - a potion of haste {unknown}


   Skills:
 + Level 13.0 Fighting
 + Level 10.5 Axes
 + Level 9.1 Armour
 - Level 3.2 Shields
 + Level 10.1 Invocations


You had 9 spell levels left.
You didn't know any spells.
Your spell library contained the following spells:

 Spells                   Type           Power      Damage    Failure   Level
 Sandblast                Erth           0%         2d4       67%         1
 Passwall                 Tmut/Erth      0%         N/A       80%         2
 Stone Arrow              Conj/Erth      0%         3d7       95%         3
 Anguish                  Hex/Necr       0%         N/A       100%        4
 Enfeeble                 Hex            0%         N/A       100%        7


Dungeon Overview and Level Annotations

Branches:
Dungeon (8/15)             Temple (1/1) D:5         Ossuary (visited)
   Lair: D:8-11

Altars:
Ashenzari
Cheibriados
Dithmenos
Elyvilon
Fedhas
Gozag
Kikubaaqudgha
Makhleb
Nemelex Xobeh
Okawaru
Qazlal
Sif Muna
Trog
Uskayaw
Wu Jian
Yredelemnul
Zin
The Shining One

Shops:
D:2 !   D:6 =


Message History

The tarantella changes into a jumping spider!
Things that are here:
a vampire mosquito corpse; a vampire mosquito corpse You impale the jumping spider!!
The jumping spider is almost dead.
The jumping spider changes into a cyclops!
You completely miss the cyclops. You hit the cyclops.
The cyclops is lightly wounded.
The cyclops barely misses you.
There are monsters nearby!
Okay, then.
Okay, then.
As you read the scroll labelled HIRIZUTHOTS, it crumbles to dust.
The creatures around you are filled with an inner flame!
It was a scroll of immolation.
The cyclops barely misses you.
You hit the boulder beetle.
Flame seeps out of the boulder beetle.
The boulder beetle is lightly wounded.
The boulder beetle is engulfed in blazing flames.
Flame seeps out of the boulder beetle.
The boulder beetle closely misses you.
The cyclops hits you but does no damage.
The boulder beetle is engulfed in blazing flames.
Flame seeps out of the boulder beetle.
The boulder beetle bites you!
You sock the boulder beetle!
Flame seeps out of the boulder beetle.
The boulder beetle is moderately wounded.
The boulder beetle bites you!! The cyclops hits you!!
* * * LOW HITPOINT WARNING * * *
Blink to where?
Press: ? - help, Dir - move target
As you read the scroll of blinking, it crumbles to dust.
As you read the scroll of teleportation, it crumbles to dust.
You feel strangely unstable.
The cyclops changes into a torpor snail!
Okay, then.
Throw: boomerang (silver)
Press: ? - help, Q - select action, (/) - cycle Shift-Dir - straight line, f - boulder beetle
Aim: a boulder beetle (moderately wounded, inner flame, haloed, 97% to hit)
Okay, then.
You feel better. The boulder beetle bites you!
You die...

**,**,,**,,***##'###+###.#
*,+*,,**,,**+,..,*,,,,+.# #
*,*,**,,**,,*#..,*,,,*#.###
*,*,**,,**,,*#'#+*+*+*#....
*,**,,**,,****,*,*,*,*#....
*,**,,**,,* *,,,,,,,,,#..##
*,*####+#####****+#####..#
*,*#..w..B.##.,,,,#...#..#
*,#..#####@.#.#####.#.#.##
*,#.*,,,,##.#...#...#.#.#
*,#,*,,,,,#.###.#.###.#.###
*,+,*,,8,,#.'.#.....#.'...#
*,*,*,,,,,#.#.###.#.###.#.#
**,*,**,,,*#.#.#...#...#.#.#
*,,*,,*****..#.#.###*#.#.#.#
*,,**,,,,,..##...#,,,,.#.#.#
*,,*****+###*#####+****#...#


You could see a boulder beetle (inner flame) and a torpor snail shaped shifter.

Vanquished Creatures
  A manticore (D:8)
  Maggie (D:6)
  A troll (D:8)
  Grinder (D:5)
  2 slime creatures (D:8)
  Eustachio (D:6)
  2 vampire mosquitoes (D:8)
  A steam dragon (D:7)
  Edmund (D:5)
  Menkaure (D:6)
  2 water moccasins (D:7)
  3 ice beasts
  2 orc warriors
  4 black bears
  A centaur (D:6)
  A phantom (D:5)
  A kobold brigand (D:7)
  A bullfrog (D:6)
  2 scorpions
  2 water moccasin zombies (Ossuary)
  14 wights
  A centaur zombie (Ossuary)
  2 hounds (D:4)
  3 jellies
  2 orc priests
  2 gnoll boudas
  Ijyb (D:5)
  7 iguanas
  2 scorpion zombies (Ossuary)
  3 sleepcaps
  3 orc wizards
  An ogre zombie (Ossuary)
  4 gnolls (D:8)
  6 adders
  A shadow imp (D:7)
  3 ufetubi
  A worm zombie (D:8)
  5 adder zombies (Ossuary)
  2 worms
  A dart slug (D:1)
  30 orcs
  5 endoplasms
  2 giant cockroaches
  2 gnoll zombies (Ossuary)
  6 goblins
  2 hobgoblins
  9 kobolds
  A quokka (D:4)
  5 ball pythons
  2 bats
  A frilled lizard (D:3)
  A goblin zombie (Ossuary)
  3 hobgoblin zombies (Ossuary)
  5 orc zombies (Ossuary)
  2 rats
171 creatures vanquished.

Vanquished Creatures (others)
  8 plants (D:5)
8 creatures vanquished.

Grand Total: 179 creatures vanquished

Notes
Turn   | Place    | Note
-------+----------+-------------------------------------------
     0 | D:1      | Nithhogg the Hill Orc Fighter began the quest for the Orb.
     0 | D:1      | Reached XP level 1. HP: 19/19 MP: 1/1
   334 | D:1      | Reached XP level 2. HP: 27/27 MP: 2/2
   595 | D:1      | Reached skill level 1 in Invocations
   848 | D:2      | Found a faded altar of an unknown god.
   894 | D:2      | Found Zipnopel's Distillery.
   900 | D:2      | Found a white marble altar of Elyvilon.
  1012 | D:2      | Reached skill level 4 in Fighting
  1020 | D:2      | Reached XP level 3. HP: 20/33 MP: 2/4
  1651 | D:3      | Found the +7 staff of the Meek {protect, meekguard}
  2071 | D:3      | Reached XP level 4. HP: 37/40 MP: 5/5
  2322 | D:4      | Reached XP level 5. HP: 42/47 MP: 6/6
  2343 | D:4      | Found a burning altar of Makhleb.
  2697 | D:4      | Found an iron altar of Okawaru.
  2870 | D:4      | Reached skill level 5 in Fighting
  2870 | D:4      | Reached XP level 6. HP: 38/56 MP: 8/8
  3172 | D:5      | Entered Level 5 of the Dungeon
  3185 | D:5      | Found a staircase to the Ecumenical Temple.
  3204 | Temple   | Entered the Ecumenical Temple
  3275 | Temple   | Became a worshipper of Elyvilon the Healer
  3296 | D:5      | Noticed an ice beast
  3308 | D:5      | Killed an ice beast
  3379 | D:5      | Reached skill level 5 in Axes
  3510 | D:5      | Identified the +2 scale mail of the Jolly Defenders {Drain
                  | +Blink Fly rElec}
  3601 | D:5      | Noticed Grinder
  3629 | D:5      | Reached skill level 5 in Armour
  3635 | D:5      | Reached skill level 6 in Fighting
  3635 | D:5      | Reached XP level 7. HP: 35/63 MP: 10/10
  3654 | D:5      | Reached skill level 5 in Invocations
  3849 | D:5      | Reached skill level 7 in Fighting
  3917 | D:5      | Noticed Ijyb
  4001 | D:5      | Killed Ijyb
  4069 | D:5      | Noticed Edmund
  4311 | D:5      | Killed Edmund
  4644 | D:5      | Reached XP level 8. HP: 73/73 MP: 12/12
  4756 | D:5      | Killed Grinder
  4757 | D:5      | Reached skill level 8 in Fighting
  4793 | D:5      | Reached * piety under Elyvilon
  5487 | D:6      | Noticed Eustachio
  5493 | D:6      | Reached skill level 9 in Fighting
  5521 | D:6      | Killed Eustachio
  5522 | D:6      | Reached XP level 9. HP: 48/84 MP: 14/14
  5656 | D:6      | Noticed Maggie
  5669 | D:6      | Killed Maggie
  5670 | D:6      | Reached skill level 10 in Fighting
  5899 | D:6      | Reached ** piety under Elyvilon
  6006 | D:6      | Found a sparkling altar of Nemelex Xobeh.
  6055 | D:6      | Found Baruuj's Jewellery Shoppe.
  6094 | D:6      | Found a broken altar of Ashenzari.
  6102 | D:6      | Identified the +7 whip "Usuv Ung" {heavy, rC+}
  6227 | D:6      | Noticed Menkaure
  6231 | D:6      | Found an ancient bone altar of Kikubaaqudgha.
  6233 | D:6      | Killed Menkaure
  6769 | D:7      | Found an opulent altar of Gozag.
  6798 | D:7      | Found a basalt altar of Yredelemnul.
  6800 | D:7      | Noticed a profane servitor
  6805 | D:7      | Found a glowing golden altar of the Shining One.
  6807 | D:7      | Noticed an angel
  6885 | D:7      | Fell from the grace of Elyvilon
  6885 | D:7      | Became a worshipper of the Shining One
  6885 | D:7      | Reached * piety under the Shining One
  6959 | D:7      | Reached skill level 11 in Fighting
  7584 | D:7      | Found a glowing silver altar of Zin.
  7786 | D:7      | Found a blossoming altar of Fedhas.
  7797 | D:7      | Found a bloodstained altar of Trog.
  7802 | D:7      | Reached XP level 10. HP: 63/96 MP: 16/16
  8458 | D:8      | Found a sand-covered staircase.
  8469 | Ossuary  | Entered an ossuary
  8475 | Ossuary  | Reached ** piety under the Shining One
  8528 | Ossuary  | Reached *** piety under the Shining One
  8563 | Ossuary  | Reached skill level 12 in Fighting
  8785 | D:8      | Reached **** piety under the Shining One
  9054 | D:8      | Noticed a manticore
  9059 | D:8      | Killed a manticore
  9060 | D:8      | Reached skill level 10 in Axes
  9140 | D:8      | Noticed a boulder beetle
  9154 | D:8      | Noticed an entropy weaver
  9155 | D:8      | Reached skill level 10 in Invocations
  9158 | D:8      | Reached skill level 13 in Fighting
  9159 | D:8      | a jumping spider changed into a cyclops
  9159 | D:8      | Noticed a cyclops (shapeshifter)
  9166 | D:8      | a cyclops changed into a torpor snail
  9166 | D:8      | Noticed a torpor snail (shapeshifter)
  9167 | D:8      | Slain by a boulder beetle

Illustrated notes

Levels and vault maps discovered:
D:1:      nzn_arrival_crosshair, layout_loops_corners
D:2:      layout_rooms, serial_shops, nicolae_shop_stone,
          chequers_ecumenical_altar_simple_redux, basic_altar
D:3:      layout_loops_cross
D:4:      layout_gridville, nicolae_overflow_crystal_walls,
          mainiacjoe_overflow_concentric_impassable, chequers_hall_statues_y,
          minmay_manual_mail, uniq_crazy_yiuf_cottage
D:5:      layout_basic, minmay_temple_entry_gardened_gates, uniq_edmund,
          uniq_grinder, uniq_ijyb
D:6:      layout_basic, kennysheep_mini, ashenzari_altar_1,
          kiku_gazebo_garden_becter, serial_shops, nicolae_shop_waterfront,
          uniq_menkaure, uniq_maggie, uniq_eustachio
D:7:      layout_basic, fedhas_altar_3, mainiacjoe_overflow_alcove_4,
          grunt_temple_overflow_holy_war,
          pdpol_temple_overflow_zin_treasury_gozag_greed, st_stairs_2
D:8:      cheibrodos_barr_body, layout_loops_ring, enter_ossuary_3,
          minmay_the_grid_2x2 [minmay_the_grid_paths, minmay_the_grid_tree,
          minmay_the_grid_minigrid_medium, minmay_the_grid_prize_inner_circle]
Temple:   nicolae_temple_great_sept

Skill      XL: |  1  2  3  4  5  6  7  8  9 10 |
---------------+-------------------------------+-----
Axes           | 3 4 5 6 7 9 10 | 10.5
Invocations    | 1 2 3 4 5 7 8 10 | 10.1
Fighting       | 4 5 6 7 9 11 13 | 13.0
Armour         | 4 5 6 8 9 |  9.1
Shields        | |  3.2

Action                     |  1- 3 |  4- 6 |  7- 9 | 10-12 || total
---------------------------+-------+-------+-------+-------++-------
  Melee: War axe           |    76 |       |       |       ||    76
         Punch             |     2 |     1 |     1 |       ||     4
         Flail             |    27 |    93 |    46 |       ||   166
         Unarmed           |       |       |     9 |       ||     9
         Dire flail        |       |       |   143 |   108 ||   251
Ability: Evoke Blink       |       |       |     1 |       ||     1
    Use: Scroll            |     5 |     2 |     7 |     4 ||    18
         Potion            |     1 |     4 |     3 |     1 ||     9
 Armour: Scale mail        |    58 |    56 |   208 |    83 ||   405
         Skin              |       |       |     1 |       ||     1
  Dodge: Dodged            |    60 |    51 |   175 |    77 ||   363

Table legend: (Time is in decaauts)
 A = Elapsed time spent in this place.
 B = Non-inter-level travel time spent in this place.
 C = Inter-level travel time spent in this place.
 D = Time resting spent in this place.
 E = Time spent auto-exploring this place.
 F = Levels seen in this place.
 G = Mean time per level.
                   A        B        C        D        E       F      G
               +--------+--------+--------+--------+--------+-----+--------+
         Total |   9375 |   9002 |    373 |    863 |   6696 |  10 |  937.5 |
       Dungeon |   9106 |   8757 |    349 |    863 |   6584 |   8 | 1138.2 |
        Temple |     80 |     57 |     23 |      0 |     49 |   1 |   80.0 |
       Ossuary |    188 |    188 |      0 |      0 |     63 |   1 |  188.0 |
               +--------+--------+--------+--------+--------+-----+--------+

Top non-repeatable levels by time:
     D:5: 1845 daAuts
     D:7: 1747 daAuts
     D:6: 1511 daAuts
     D:3: 979 daAuts
     D:4: 945 daAuts
     D:1: 853 daAuts
     D:8: 629 daAuts
     D:2: 593 daAuts
 Ossuary: 188 daAuts
  Temple: 80 daAuts
